cohdb
Replays
Latest Replays
All Replays
Popular Replays
Top Player Replays
Match Explorer
How It Works
Community
CoH3 Stats
Reddit
Sign in to upload your games and track your stats! →
Sign in with Steam
Match 41866356
Unlisted
Match 41866356
Overview
Messages
Build Orders
End
Construct Section Command Post
Infantry Section
Dingo Light Scout Car
Selects Heavy Armor Battlegroup
Infantry Section
Infantry Section
Grenade Package
Selects Rigorous Vehicle Training
Construct Field Infirmary
Infantry Section
Construct Platoon Command Post
Selects Light Vehicle Withdraw and Refit
Selects Radio Net
6-pounder Anti-tank Gun Team
Unlock Bishop Self-propelled Artillery
Bishop Self-propelled Artillery
Selects Designate Targets
Infantry Section
Selects Forward Repair Assembly
Bjoref
(502) Bad Gateway
0
0
Comments
sign in to comment!
No comments posted yet!